 Dungeon Crawl Stone Soup version 0.21-a0-85-ga0cb861 (webtiles) character file.

102 grindst0ne the Shield-Bearer (level 5, -1/42 HPs)
             Began as a Formicid Fighter on June 25, 2017.
             Was an Initiate of Okawaru.
             Succumbed to an adder's poison
             ... on level 2 of the Dungeon.
             The game lasted 00:04:32 (2984 turns).

grindst0ne the Shield-Bearer (Formicid Fighter)     Turns: 2984, Time: 00:04:33

Health: -1/42      AC: 16    Str: 20      XL:     5   Next: 5%
Magic:  5/5        EV:  9    Int:  8      God:    Okawaru [......]
Gold:   48         SH:  9    Dex:  2 (11) Spells: 4/4 levels left

rFire    . . .     SeeInvis +   a - +0 long sword
rCold    . . .     Gourm    .   r - +1 shield {AC+3}
rNeg     . . .     Faith    .   n - +0 plate armour (curse)
rPois    .         Spirit   .   (helmet unavailable)
rElec    .         Reflect  .   g - +0 cloak
rCorr    .         Harm     .   (no gloves)
MR       .....                  (no boots)
Stlth    ..........             e - amulet of inaccuracy (curse)
HPRegen  0.14/turn              s - +5 ring of evasion
MPRegen  0.09/turn              (no ring)

@: lethally poisoned (-1 -> -13), starving
A: permanent stasis, dig shafts and tunnels, four strong arms, antennae 3
a: Dig, Shaft Self, Renounce Religion


You were on level 2 of the Dungeon.
You worshipped Okawaru.
Okawaru was noncommittal.
You were starving.

You visited 1 branch of the dungeon, and saw 2 of its levels.

You collected 48 gold pieces.

Inventory:

Hand Weapons
 a - a +0 long sword (weapon)
Armour
 b - a +0 scale mail
 c - a +0 shield
 g - a +0 cloak (worn)
 n - a cursed +0 plate armour (worn)
 r - a +1 shield of protection (worn)
Jewellery
 e - a cursed amulet of inaccuracy (around neck)
 s - a +5 ring of evasion (left hand)
Scrolls
 o - a scroll of blinking
 q - a scroll of identify
Potions
 h - a potion of brilliance
 j - a potion of flight
 k - a potion of cancellation
Comestibles
 f - 2 bread rations


   Skills:
 + Level 4.0 Fighting
 + Level 2.8 Long Blades
 + Level 4.1 Armour
 + Level 4.5 Shields


You had 4 spell levels left.
You didn't know any spells.

Dungeon Overview and Level Annotations

Branches:
Dungeon (2/15)

Altars:
Ashenzari
Dithmenos
Elyvilon
Okawaru
Ru


Innate Abilities, Weirdness & Mutations

You cannot be hasted, slowed, berserked, paralysed or teleported.
You can dig through walls and to a lower floor.
Your four strong arms can wield two-handed weapons with a shield.
You have a pair of large antennae on your head. (SInv)


Message History

You completely miss the adder.
The adder is lightly wounded.
The adder bites you.
* * * LOW HITPOINT WARNING * * *
You are lethally poisoned!
The adder poisons you! You block the adder's attack.
You miss the adder.
The adder is lightly wounded.
* * * LOW HITPOINT WARNING * * *
You feel sick. The adder bites you but does no damage. The adder bites you.
* * * LOW HITPOINT WARNING * * *
You are more poisoned.
The adder poisons you!
You miss the adder.
The adder is lightly wounded.
* * * LOW HITPOINT WARNING * * *
You feel sick.
The adder bites you but does no damage. x2
You completely miss the adder.
The adder is lightly wounded.
You die...

............##.#.....#####...####
#...##.........#....##...##.##...
.........##.........#.8.8.#.#.8.8
#...####.###.#.#....#.._..#.#.(_.
##.## #.# #.#.#....#.8...#.#...8
##.# #.# #.#.###.###...'#.#'...
...# #.# #.#.###g..#####...####
#..#####.###.#.##S#{.......⌠.....
#..............#@###.#####...####
#.######............##...'#.#+,,,
#.# #######.######.8.).#.#,,,8
#.# #####.# #.._..#.#,,_, #.#
#.....# #.8.8.#.#,8,8 #.# #.###.#
##...##.##,,, #.########.#
#)###########...#### #..........#
#...(..............# ############
#..............#####


You could see an adder and a hobgoblin.

Vanquished Creatures
  A quasit (D:2)
  2 adders (D:2)
  An ooze (D:2)
  A worm (D:2)
  2 dart slugs
  A leopard gecko (D:2)
  2 giant cockroaches (D:2)
  5 goblins
  5 hobgoblins
  2 kobolds
  A quokka (D:2)
  A ball python (D:2)
  13 bats
  3 frilled lizards
  4 rats (D:2)
44 creatures vanquished.

Vanquished Creatures (others)
  A quokka (D:2)
1 creature vanquished.

Grand Total: 45 creatures vanquished

Notes
Turn   | Place    | Note
-------+----------+-------------------------------------------
     0 | D:1      | grindst0ne the Formicid Fighter began the quest for the Orb.
     0 | D:1      | Reached XP level 1. HP: 18/18 MP: 1/1
   119 | D:1      | Reached XP level 2. HP: 23/24 MP: 2/2
   157 | D:1      | Found a shattered altar of Ashenzari.
   725 | D:2      | Found a white marble altar of Elyvilon.
   765 | D:2      | Reached XP level 3. HP: 20/29 MP: 3/3
  1291 | D:2      | Found a sacrificial altar of Ru.
  1304 | D:2      | Found a shadowy altar of Dithmenos.
  1307 | D:2      | Found an iron altar of Okawaru.
  1354 | D:2      | Reached XP level 4. HP: 30/37 MP: 4/4
  1404 | D:2      | Lost dexterity.
  1423 | D:2      | Became a worshipper of Warmaster Okawaru
  2573 | D:2      | Reached XP level 5. HP: 14/42 MP: 5/5
  2983 | D:2      | HP: 1/42 [poisoned by an adder]
  2984 | D:2      | Succumbed to an adder's poison

Vault maps used:
D:1:      sevenhm_arrival_forest_fort_large_2, ashenzari_altar_1
D:2:      grunt_temple_overflow_cloverleaf, elyvilon_altar_4

Skill      XL: |  1  2  3  4 |
---------------+-------------+-----
Shields        | 4 |  4.5
Fighting       | 4 |  4.0
Armour         | 4 |  4.1
Long Blades    | |  2.8

Action                   |  1- 3 |  4- 6 || total
-------------------------+-------+-------++-------
Melee: Long sword        |   145 |   688 ||   833
 Abil: Dig               |     1 |     1 ||     2
  Use: Scroll            |     6 |     1 ||     7
       Potion            |       |     4 ||     4
  Eat: Chunk             |     1 |     2 ||     3
       Bread ration      |       |     1 ||     1
Armor: Scale mail        |    57 |       ||    57
       Plate armour      |   110 |   541 ||   651
Dodge: Dodged            |   109 |   358 ||   467
Block: Shield            |   163 |   476 ||   639
       Rpst.: Long sword |    25 |   100 ||   125
